 Dungeon Crawl Stone Soup version 0.25-a0-786-g5b70d41e48 (webtiles) character file.

Game seed: 14754297978568515845, levelgen mode: deterministic

15380 Mirvandir the Geomancer (level 12, -38/68 HPs)
             Began as a Gargoyle Earth Elementalist on Apr 18, 2020.
             Was an Elder of Vehumet.
             Annihilated by a very large slime creature (47 damage)
             ... on level 12 of the Dungeon.
             The game lasted 00:28:21 (11212 turns).

Mirvandir the Geomancer (GrEE)                     Turns: 11212, Time: 00:28:22

Health: -38/68     AC: 22    Str: 11    XL:     12   Next: 26%
Magic:  15/25      EV: 13    Int: 22    God:    Vehumet [****..]
Gold:   513        SH:  0    Dex: 10    Spells: 20/29 levels left

rFire    + . .     SeeInvis +   m - +3 dagger (venom)
rCold    + . .     Gourm    .   (no shield)
rNeg     + . .     Faith    .   J - +1 robe {rF+}
rPois    ∞         Spirit   .   B - +1 helmet
rElec    +         Reflect  .   H - +2 cloak
rCorr    .         Harm     .   k - +1 pair of gloves
MR       .....                  i - +1 pair of boots
Stlth    ++........             (no amulet)
HPRegen  0.21/turn              F - ring of protection from cold
MPRegen  0.19/turn              s - ring of see invisible

@: about to teleport
A: negative energy resistance 1, electricity resistance, unbreathing,
petrification resistance, rot immunity, AC +8
a: Renounce Religion


You were on level 12 of the Dungeon.
You worshipped Vehumet.
Vehumet was greatly pleased with you.
You were very hungry.

You visited 2 branches of the dungeon, and saw 13 of its levels.

You collected 700 gold pieces.
You spent 187 gold pieces at shops.

Inventory:

Hand Weapons
 g - a +0 club
 m - a +3 dagger of venom (weapon)
 r - a +0 morningstar
 L - a +4 dagger of freezing
Missiles
 b - 233 stones (quivered)
Armour
 i - a +1 pair of boots (worn)
 k - a +1 pair of gloves (worn)
 B - a +1 helmet (worn)
 H - a +2 cloak (worn)
 J - a +1 robe of fire resistance (worn)
Magical Staves
 u - an uncursed staff of wizardry {unknown}
Jewellery
 s - a ring of see invisible (right hand)
 F - a ring of protection from cold (left hand)
 K - an uncursed ring of protection from cold
 M - an uncursed ring of resist corrosion
Wands
 e - a wand of flame (11)
 q - a wand of disintegration (5)
 E - a wand of paralysis (6)
 G - a wand of acid (13)
 P - a wand of enslavement (8)
Scrolls
 h - a scroll of enchant weapon
 w - 6 scrolls of teleportation
 x - 6 scrolls of remove curse
 y - a scroll of fear
 z - a scroll of amnesia
 D - 2 scrolls of fog
 I - a scroll of immolation
 O - 4 scrolls of identify
Potions
 a - 4 potions of lignification
 f - 3 potions of stabbing
 j - 4 potions of heal wounds
 l - 4 potions of invisibility
 n - 3 potions of haste
 o - 2 potions of flight
 p - a potion of berserk rage
 t - 5 potions of curing
 v - 3 potions of might
 A - a potion of magic
 C - 3 potions of brilliance
 N - 3 potions of cancellation
Miscellaneous
 Q - 2 phantom mirrors
Comestibles
 c - 4 chunks of flesh
 d - 22 rations


   Skills:
 + Level 5.1 Fighting
 + Level 4.6 Maces & Flails
 + Level 5.3 Armour
 + Level 4.4 Dodging
 - Level 2.1 Stealth
 + Level 9.0 Spellcasting
 + Level 10.1 Conjurations
   Level 0.7 Transmutations
 + Level 11.6 Earth Magic
 + Level 4.3 Evocations


You had 20 spell levels left.
You knew the following spells:

 Your Spells              Type           Power        Failure   Level  Hunger
a - Sandblast             Erth           ######       1%          1    None
b - Stone Arrow           Conj/Erth      ######       1%          3    None
c - Lee's Rapid Deconstr  Erth           ######....   1%          5    #####..

Your spell library contained the following spells:

 Spells                   Type           Power        Failure   Level  Hunger
 Dazzling Flash           Conj/Hex       ####..       1%          3    None
 Magic Dart               Conj           ####         1%          1    None
 Shock                    Conj/Air       ####         1%          1    None
 Passwall                 Tmut/Erth      #####...     1%          2    None
 Conjure Flame            Conj/Fire      ####....     1%          3    None
 Mephitic Cloud           Conj/Pois/Air  ###.....     1%          3    None
 Static Discharge         Conj/Air       ####....     1%          3    None
 Petrify                  Tmut/Erth      #####...     5%          4    ##.....
 Lightning Bolt           Conj/Air       ####......   6%          5    #####..
 Blink                    Tloc           N/A          10%         2    None
 Call Imp                 Summ           #.......     10%         2    None
 Slow                     Hex            #.......     10%         2    None
 Swiftness                Chrm/Air       #.......     10%         2    None
 Airstrike                Air            #.........   17%         4    ##.....


Dungeon Overview and Level Annotations

Branches:
Dungeon (12/15)            Temple (1/1) D:4            Lair (0/6) D:10
    Orc (0/2) D:10

Altars:
Ashenzari
Cheibriados
Dithmenos
Elyvilon
Fedhas
Gozag
Hepliaklqana
Kikubaaqudgha
Makhleb
Nemelex Xobeh
Okawaru
Qazlal
Ru
Sif Muna
Trog
Uskayaw
Vehumet
Wu Jian
Xom
Yredelemnul
Zin
The Shining One

Shops:
D:5 !

Annotations:
D:7 exclusion: oklob plant
D:8 1 runed translucent door, Scypier's ghost, novice TrHu
D:9 3 runed translucent doors, Maedhros's ghost, novice OpAr
D:10 1 runed translucent door


Innate Abilities, Weirdness & Mutations

You are resistant to torment.
Your stone body is resilient. (AC +8)
You are immune to poison.
You resist negative energy. (rN+)
You are resistant to electric shocks. (rElec)
You can survive without breathing.
You are immune to petrification.
You are immune to rotting.


Message History

The very large slime creature hits you!!!
Ouch! That really hurt!
* * * LOW HITPOINT WARNING * * *
You hear a loud, deep croak!
Casting: Sandblast (safe; 1% risk of failure)
Confirm with . or Enter, or press ? or * to list all spells.
Aiming: Sandblast (safe; 1% risk of failure)
Press: ? - help, Shift-Dir - straight line, f/p - very large slime creature
Aim: a very large slime creature (moderately wounded)
The blast of sand hits the very large slime creature!!
The very large slime creature is heavily wounded.
b - 233 stones The very large slime creature misses you.
Unknown command.
Unknown command.
As you read the scroll of teleportation, it crumbles to dust.
You feel strangely unstable.
The very large slime creature hits you!!!
Ouch! That really hurt!
You die...

## ### ### #.# . .# #.. ..#
#.# # #.# .# #.. #.# #.#
#.#.#. .# #.# #.# #.#
#..... .#.# #.# #.# #.....#
##Y####<# #.# #.#
.......##.......###.#####.#
.......#...######.........#
.........#.DJ@....######.##
#.....##...######## #.#
#.... ##[## #.# F... #.#
#.# ..# #.# #####.##### #
#.# #..<...)... #.#
#.#.####### #.# #.#.# ...
#.#.#######


You could see a four-headed hydra and a very large slime creature.

Vanquished Creatures
  3 two-headed ogres
  An unseen horror (D:12)
  An orange crystal statue (D:10)
  A cyclops (D:12)
  A deep elf mage (D:12)
  An ugly thing (D:12)
  2 manticores (D:11)
  A komodo dragon (D:10)
  3 trolls
  3 slime creatures (D:12)
  2 hippogriffs
  11 yaks
  2 wyverns
  A basilisk (D:12)
  4 hogs (D:7)
  A human (D:7)
  2 hungry ghosts (D:9)
  An acid dragon (D:11)
  A water moccasin (D:11)
  A sky beast (D:10)
  7 orc warriors
  2 ice beasts
  2 phantoms
  A black bear (D:9)
  5 ogres
  5 centaurs
  A crocodile (D:12)
  A big kobold (D:9)
  8 bullfrogs
  Blork the orc (D:4)
  A wyvern zombie (D:9)
  10 killer bees
  8 wights
  2 howler monkeys (D:12)
  2 centaur zombies (D:12)
  4 crimson imps
  A bullfrog zombie (D:9)
  6 jellies
  8 orc priests
  A bullfrog skeleton (D:12)
  7 hounds
  11 orc wizards
  2 iguanas
  4 worker ants
  A worker ant zombie (D:5)
  4 gnolls (D:3)
  11 adders
  A shadow imp (D:5)
  14 oozes
  An adder skeleton (D:5)
  A worm (D:3)
  5 dart slugs
  7 leopard geckos
  30 orcs
  4 giant cockroaches
  10 goblins
  10 hobgoblins
  10 jackals
  5 quokkas
  2 ball pythons
  6 bats
  6 frilled lizards
  A jackal zombie (D:5)
  12 kobolds
  A leopard gecko skeleton (D:4)
  5 rats
290 creatures vanquished.

Vanquished Creatures (others)
  An orc wizard (D:6)
  11 fungi (D:7)
  5 plants
17 creatures vanquished.

Grand Total: 307 creatures vanquished

Notes
Turn   | Place    | Note
-------+----------+-------------------------------------------
     0 | D:1      | Mirvandir the Gargoyle Earth Elementalist began the quest
                  | for the Orb.
     0 | D:1      | Reached XP level 1. HP: 10/10 MP: 3/3
   141 | D:1      | Reached XP level 2. HP: 15/15 MP: 1/5
   144 | D:1      | Reached skill level 4 in Earth Magic
   972 | D:2      | Reached XP level 3. HP: 15/19 MP: 6/6
   990 | D:2      | Learned a level 3 spell: Stone Arrow
  1336 | D:2      | Found a basalt altar of Yredelemnul.
  1429 | D:2      | Reached skill level 1 in Conjurations
  1483 | D:2      | Found a shimmering altar of Xom.
  1502 | D:2      | Reached XP level 4. HP: 24/24 MP: 8/8
  1839 | D:3      | Reached skill level 5 in Earth Magic
  1950 | D:3      | Reached XP level 5. HP: 22/28 MP: 7/9
  1971 | D:3      | Learned a level 5 spell: Lee's Rapid Deconstruction
  2163 | D:3      | Found a shattered altar of Ashenzari.
  2403 | D:4      | Reached XP level 6. HP: 31/32 MP: 11/11
  2417 | D:4      | Noticed Blork the orc
  2426 | D:4      | Killed Blork the orc
  2525 | D:4      | Reached skill level 6 in Earth Magic
  2786 | D:4      | Found a staircase to the Ecumenical Temple.
  2803 | Temple   | Entered the Ecumenical Temple
  3146 | D:4      | Reached XP level 7. HP: 21/36 MP: 13/13
  3152 | D:4      | Found a blossoming altar of Fedhas.
  3360 | D:5      | Entered Level 5 of the Dungeon
  3377 | D:5      | Found Niquucec's Distillery.
  3668 | D:5      | Bought a potion of curing for 33 gold pieces
  3668 | D:5      | Bought a potion of degeneration for 11 gold pieces
  3668 | D:5      | Bought a potion of heal wounds for 55 gold pieces
  3668 | D:5      | Bought a potion of magic for 88 gold pieces
  3829 | D:5      | Reached skill level 5 in Spellcasting
  3829 | D:5      | Reached skill level 7 in Earth Magic
  4043 | D:5      | Found a hide-covered altar of Uskayaw.
  4296 | D:6      | Reached skill level 5 in Conjurations
  4296 | D:6      | Reached XP level 8. HP: 41/41 MP: 8/15
  4482 | D:6      | Found an ancient bone altar of Kikubaaqudgha.
  4484 | D:6      | Found a burning altar of Makhleb.
  4500 | D:6      | Found a sparkling altar of Nemelex Xobeh.
  4513 | D:6      | Reached skill level 8 in Earth Magic
  4909 | D:6      | Reached XP level 9. HP: 34/45 MP: 5/18
  5021 | D:6      | Found a glowing golden altar of the Shining One.
  5022 | D:6      | Found an opulent altar of Gozag.
  5350 | D:7      | Found a radiant altar of Vehumet.
  5364 | D:7      | Became a worshipper of Vehumet
  5465 | D:7      | Noticed an oklob plant
  5503 | D:7      | Reached skill level 9 in Earth Magic
  6220 | D:8      | Noticed a two-headed ogre
  6227 | D:8      | Killed a two-headed ogre
  6227 | D:8      | Reached skill level 10 in Earth Magic
  6227 | D:8      | Reached XP level 10. HP: 46/50 MP: 13/21
  6260 | D:8      | Reached * piety under Vehumet
  6260 | D:8      | Offered knowledge of Foxfire by Vehumet.
  6328 | D:8      | Found a runed translucent door.
  6328 | D:8      | Noticed Scypier's ghost (novice TrHu)
  6960 | D:9      | Reached skill level 1 in Armour
  6993 | D:9      | Reached skill level 1 in Fighting
  6993 | D:9      | Reached skill level 1 in Maces & Flails
  7019 | D:9      | Reached skill level 1 in Evocations
  7169 | D:9      | Noticed a two-headed ogre
  7185 | D:9      | Killed a two-headed ogre
  7581 | D:8      | Offered knowledge of Searing Ray by Vehumet.
  7585 | D:8      | Reached ** piety under Vehumet
  7976 | D:9      | Reached XP level 11. HP: 50/59 MP: 21/23
  8009 | D:9      | Noticed a two-headed ogre
  8016 | D:9      | Killed a two-headed ogre
  8016 | D:9      | Reached skill level 11 in Earth Magic
  8223 | D:9      | Found an iron altar of Okawaru.
  8291 | D:9      | Found a runed translucent gate.
  8292 | D:9      | Found a runed translucent gate.
  8293 | D:9      | Found a runed translucent gate.
  8294 | D:9      | Noticed a ten-headed hydra
  8294 | D:9      | Noticed a ten-headed hydra
  8294 | D:9      | Noticed Maedhros's ghost (novice OpAr)
  8399 | D:9      | Found a shimmering blue altar of Sif Muna.
  8567 | D:10     | Entered Level 10 of the Dungeon
  8681 | D:10     | Found a staircase to the Lair.
  8711 | D:10     | Found a staircase to the Orcish Mines.
  8759 | D:10     | Found a runed translucent door.
  8760 | D:10     | Found a glowing silver altar of Zin.
  8760 | D:10     | Noticed an angel
  8941 | D:10     | Noticed an orange crystal statue
  8943 | D:10     | Killed an orange crystal statue
  9762 | D:11     | Offered knowledge of Inner Flame by Vehumet.
  9782 | D:11     | Noticed a manticore
  9789 | D:11     | Killed a manticore
  9934 | D:11     | Reached *** piety under Vehumet
  9999 | D:11     | Noticed a manticore
 10015 | D:11     | Killed a manticore
 10493 | D:12     | Found a shimmering altar of Xom.
 10508 | D:12     | Offered knowledge of Olgreb's Toxic Radiance by Vehumet.
 10593 | D:12     | Noticed an unseen horror
 10604 | D:12     | Noticed a red ugly thing
 10611 | D:12     | Killed an unseen horror
 10615 | D:12     | Killed a red ugly thing
 10623 | D:12     | Reached XP level 12. HP: 31/67 MP: 18/24
 10767 | D:12     | Reached **** piety under Vehumet
 10903 | D:12     | Reached skill level 5 in Armour
 10903 | D:12     | Reached skill level 10 in Conjurations
 10958 | D:12     | Offered knowledge of Dazzling Flash by Vehumet.
 11045 | D:12     | Reached skill level 5 in Fighting
 11173 | D:12     | Noticed a four-headed hydra
 11212 | D:12     | Annihilated by a very large slime creature

Levels and vault maps discovered:
D:1:      ebering_trefoil_twist, layout_basic
D:2:      layout_loops_ring, old_standard_altar, lemuel_doored_altar,
          first_ration
D:3:      layout_basic, cheibrodos_ashenzari_chains, minmay_pentomino_pile
D:4:      layout_loops_ring, lemuel_round_altar, minmay_temple_entry_ruins,
          chequers_avenue, uniq_blork_the_orc
D:5:      layout_rooms, marbit_many_paths, serial_shops, shop, kennysheep_dice
D:6:      lemuel_ice_spiral_2, layout_rooms, lemuel_crystal_altar,
          gammafunk_temple_overflow_pools,
          chequers_temple_overflow_statue_of_worship
D:7:      lemuel_slime, layout_loops_ring, lemuel_coloured_pillars_altar,
          grunt_livestock
D:8:      layout_basic, gammafunk_ghost_grave
D:9:      layout_small_grid, old_standard_altar, okawaru_altar_gauntlet_db,
          gammafunk_ghost_hydra_chop
D:10:     layout_grid_maze, david_lair_shrubbed, abandoned_shop, minivault_15,
          lemuel_angel_altar
D:11:     layout_cave_pools
D:12:     layout_loops_ring, lemuel_statue_altar
Temple:   dpeg_three_leaves_temple

Skill      XL: |  1  2  3  4  5  6  7  8  9 10 11 12 |
---------------+-------------------------------------+-----
Earth Magic    | 4 5 6 7 8 10 11 | 11.6
Conjurations   | 1 2 3 5 6 8 9 10 | 10.1
Spellcasting   | 3 4 5 6 7 8 9 |  9.0
Armour         | 3 4 5 |  5.3
Fighting       | 2 4 5 |  5.1
Maces & Flails | 2 4 |  4.6
Dodging        | 2 4 |  4.4
Evocations     | 2 4 |  4.3
Stealth        | |  2.1
Transmutations | |  0.7

Action                   |  1- 3 |  4- 6 |  7- 9 | 10-12 || total
-------------------------+-------+-------+-------+-------++-------
Melee: Unarmed           |    10 |       |       |       ||    10
       Club              |    32 |       |       |       ||    32
       Dagger            |    54 |   127 |   238 |   320 ||   739
 Cast: Sandblast         |     7 |    18 |    37 |   137 ||   199
       Stone Arrow       |       |     1 |     4 |    33 ||    38
       Lee's Rapid Decon |       |       |     6 |    16 ||    22
Evoke: Wand              |       |       |     5 |     9 ||    14
  Use: Scroll            |     9 |     6 |     5 |     9 ||    29
       Potion            |       |       |     1 |     1 ||     2
 Stab: Sleeping          |     1 |     6 |     2 |     3 ||    12
       Distracted        |       |       |       |     1 ||     1
  Eat: Chunk             |     2 |     4 |    10 |    19 ||    35
       Ration            |       |       |     1 |       ||     1
Armor: Robe              |    45 |    70 |   118 |   256 ||   489
Dodge: Dodged            |    62 |    87 |   148 |   285 ||   582

Table legend:
 A = Non-vault XP
 B = Vault XP
 C = Vault XP percentage of total XP
 D = Non-vault monster count
 E = Vault monster count
 F = Vault count percentage of total count
                 A         B        C        D         E       F
            +---------+---------+-------+---------+---------+-------
      Total |   19566 |    2406 |  11.0 |     257 |      34 |  11.7
            +---------+---------+-------+---------+---------+-------
        D:1 |      29 |       0 |   0.0 |      17 |       0 |   0.0
        D:2 |      54 |       0 |   0.0 |      19 |       0 |   0.0
        D:3 |     136 |       7 |   4.9 |      29 |       4 |  12.1
        D:4 |     450 |      91 |  16.8 |      17 |       1 |   5.6
        D:5 |     356 |      17 |   4.6 |      21 |       1 |   4.5
        D:6 |    1385 |       0 |   0.0 |      22 |       0 |   0.0
        D:7 |     372 |    1174 |  75.9 |       3 |      20 |  87.0
        D:8 |    2149 |       0 |   0.0 |      24 |       0 |   0.0
        D:9 |    4189 |      11 |   0.3 |      32 |       6 |  15.8
       D:10 |     835 |    1106 |  57.0 |       9 |       2 |  18.2
       D:11 |    3606 |       0 |   0.0 |      31 |       0 |   0.0
       D:12 |    6005 |       0 |   0.0 |      33 |       0 |   0.0
            +---------+---------+-------+---------+---------+-------
